 Dungeon Crawl Stone Soup version 0.18-a0-1196-g09327cf (webtiles) character file.

345 Silkki the Skirmisher (level 6, -5/42 HPs)
             Began as a Gargoyle Fighter on Jan 29, 2016.
             Was a Follower of Ashenzari.
             Killed by divine providence
             ... invoked by an orc priest
              (9 damage)
             ... on level 5 of the Dungeon.
             The game lasted 00:05:44 (3743 turns).

Silkki the Skirmisher (Gargoyle Fighter)            Turns: 3743, Time: 00:05:44

Health: -5/42      AC: 14    Str: 19    XL:     6   Next: 58%
Magic:  6/6        EV:  7    Int: 11    God:    Ashenzari [*.....]
Gold:   219        SH:  9    Dex:  9    Spells: 0 memorised, 5 levels left

rFire  . . .     SeeInvis .     a - +0 war axe
rCold  . . .     Gourm    .     b - +0 scale mail
rNeg   + . .     Faith    .     c - +0 shield
rPois  ∞         Spirit   .     (no helmet)
rElec  +         Dismiss  .     y - +2 cloak
rCorr  .         Reflect  .     (no gloves)
SustAt .         Harm     .     (no boots)
MR     .....                    (no amulet)
Stlth  ..........               (no ring)
                                (no ring)

@: not resistant to hostile enchantments, extremely unstealthy
A: negative energy resistance 1, electricity resistance, unbreathing,
petrification resistance, rot immunity, AC +4
a: Scrying, Renounce Religion


You were on level 5 of the Dungeon.
You worshipped Ashenzari.
Ashenzari was aware of your devotion.
You were not hungry.

You visited 1 branch of the dungeon, and saw 6 of its levels.

You collected 219 gold pieces.

Inventory:

Hand Weapons
 a - a +0 war axe (weapon)
Armour
 b - a +0 scale mail (worn)
 c - a +0 shield (worn)
 y - a +2 cloak (worn)
Jewellery
 p - an uncursed ring of resist corrosion
 w - a +1 ring of evasion
Wands
 s - a wand of random effects (17/48)
Scrolls
 d - 2 scrolls of noise {unknown}
 g - a scroll of recharging {unknown}
 h - a scroll of amnesia {unknown}
 j - 3 scrolls of remove curse
 k - 6 scrolls of identify {unknown}
 l - 2 scrolls of fog {unknown}
 q - 6 scrolls of enchant weapon {unknown}
 t - a scroll of immolation {unknown}
 B - 2 scrolls of teleportation {unknown}
Potions
 e - a potion of curing
 i - 3 potions of flight {unknown}
 m - a potion of brilliance {unknown}
 n - a potion of magic {unknown}
 o - a potion of resistance {unknown}
 r - 2 potions of heal wounds {unknown}
 u - a potion of agility {unknown}
 v - a potion of haste {unknown}
 z - a potion of experience {unknown}
 A - 2 potions of lignification {unknown}
 C - 2 potions of beneficial mutation {unknown}
Comestibles
 f - 5 bread rations
 x - 3 fruits
 D - a chunk of flesh


   Skills:
 * Level 6.7 Fighting
 + Level 3.8 Axes
 - Level 3.2 Armour
 - Level 3.2 Shields


You had 5 spell levels left.
You didn't know any spells.

Dungeon Overview and Level Annotations

Branches:
Dungeon (6/15)
 Temple: D:4-7

Altars:
Ashenzari
Elyvilon
Gozag
Makhleb
Nemelex Xobeh
Okawaru
Xom


Innate Abilities, Weirdness & Mutations

You are resistant to torment.
Your stone body is resilient (AC +4).
You are immune to poison.
You resist negative energy.
You are resistant to electric shocks.
You can survive without breathing.
You are immune to petrification.
You are immune to rotting.


Message History

The orc priest looks braver for a moment.
You see here an uncursed robe.
The giant frog zombie hits you but does no damage. x2
You enter the shallow water.
Moving in this stuff is going to be slow.
You block the giant frog zombie's attack.
The giant frog zombie barely misses you.
You block the giant frog zombie's attack.
The orc priest looks braver for a moment.
The giant frog zombie hits you but does no damage.
The orc priest looks braver for a moment.
The giant frog zombie barely misses you.
The orc priest casts a cantrip, but nothing happens.
The orc priest calls down the wrath of Beogh upon you.
Something smites you!
* * * LOW HITPOINT WARNING * * *
You block the giant frog zombie's attack.
The orc priest mumbles some strange prayers to Beogh against you.
Something smites you!
You die...

.≈≈≈≈≈.≈≈≈≈.# #.
#.......≈≈≈≈.###.
#.≈≈≈≈...o.......
#.≈≈≈≈.≈≈≈≈≈.[###
####.≈≈≈≈.≈≈≈≈≈.## #.
.....≈≈≈≈.≈≈≈≈≈.# #.# #.
#..≈≈≈≈.≈≈≈≈s.#
#.###.#########†...........#
#.........#...@Z..o..o...###
##.........................#
..............####.#########
..####........# #.#
###..###......# #.#
#......##.....# #.#
...##.......######.#
..####............$#
..####......#####


You could see 2 orc priests and a giant frog zombie.

Vanquished Creatures
  A giant frog (D:5)
  2 scorpions (D:4)
  An orc priest (D:5)
  A centaur skeleton (D:4)
  A worker ant (D:3)
  4 gnolls (D:5)
  An adder (D:5)
  An ooze (D:2)
  An adder skeleton (D:4)
  A worm (D:2)
  2 giant geckos
  4 orcs
  6 bats
  5 goblins
  7 hobgoblins
  6 giant newts
  5 kobolds
  4 rats
53 creatures vanquished.

Notes
Turn   | Place    | Note
--------------------------------------------------------------
     0 | D:1      | Silkki the Gargoyle Fighter began the quest for the Orb.
     0 | D:1      | Reached XP level 1. HP: 14/14 MP: 1/1
   210 | D:1      | Reached XP level 2. HP: 18/20 MP: 2/2
   492 | D:1      | Reached skill level 4 in Fighting
   703 | D:2      | Found a shattered altar of Ashenzari.
   753 | D:2      | Became a worshipper of Ashenzari the Shackled
   852 | D:2      | Reached XP level 3. HP: 24/24 MP: 3/3
  1186 | D:3      | Found a burning altar of Makhleb.
  1188 | D:3      | Noticed a cacodemon
  1842 | D:4      | Found a white marble altar of Elyvilon.
  1881 | D:4      | Found a shimmering altar of Xom.
  1925 | D:4      | Noticed a scorpion
  1926 | D:4      | Found an opulent altar of Gozag.
  1940 | D:4      | Killed a scorpion
  1940 | D:4      | Reached skill level 5 in Fighting
  1940 | D:4      | Reached XP level 4. HP: 10/31 MP: 4/4
  2265 | D:4      | Found an iron altar of Okawaru.
  2384 | D:3      | Reached XP level 5. HP: 13/35 MP: 5/5
  2704 | D:4      | Found a sparkling altar of Nemelex Xobeh.
  2943 | D:5      | Entered Level 5 of the Dungeon
  3031 | D:5      | Reached * piety under Ashenzari
  3041 | D:5      | Reached skill level 6 in Fighting
  3041 | D:5      | Reached XP level 6. HP: 11/41 MP: 6/6
  3743 | D:5      | Killed from afar by an orc priest

Vault maps used:
D:1:      saegor_arrival_simple_d
D:2:      marbit_many_paths
D:3:      makhleb_altar_promises_db
D:4:      nicolae_overflow_quartered_altars, nemelex_deck
D:5:      first_bread, minmay_misc_feat_iff, minivault_14
D:6:      serial_shops, shop

Action                   |  1- 3 |  4- 6 || total
-------------------------+-------+-------++-------
Melee: War axe           |   108 |    86 ||   194
  Use: Potion            |     2 |     2 ||     4
  Eat: Chunk             |     2 |     3 ||     5
       Bread ration      |       |     1 ||     1
